Unix NetHack Version 5.0.0-0 post-release - last build Jul 14 2026 02:55:29 (1809b74e8187c3a3585e283601c3028b46cbbdcb,branch:main).

Game began 2026-07-17 19:10:58, ended 2026-07-17 19:29:04.

DaveT, lawful male human Priest

                                                                ---       ----
                                                               --.--     --..--
                                                               |....|   --....|
                                                               |....#---..^..--
                                                               --.--..|...----
                                                                -----.....|
                                                            .--------)....|
                                                            ..............|
                                                            ..--------.)..--
                                                            -.|    - -.....--
                                                   ...      |.-   -.|.......`|
                                                   .@.....---..--............|
                                                   ..'.......-..............--
                                                   |........................--
                                                   --.................--.--..|
                                                   |...............-------|..|
                                                   --.|..........<.|      ----
                                                    --|............|
                                                      --.|.^--.--.--
                                                       -------- ---
DaveT the Adept              St:15 Dx:9 Co:14 In:12 Wi:18 Ch:11  Lawful
Dlvl:6  $:1508 HP:0(47) Pw:86(86) AC:1  Xp:6 T:4247  Burdened

Latest messages:
 You now wield a dwarvish mattock.
 In what direction do you want to dig? [hkujb>] k
 You start digging.
 You hit the rock with all your might.
 You stop digging.
 The gnome misses!
 What do you want to wield? [- apsBW or ?*] a
 a - a blessed +1 mace (weapon in right hand).
 The gnome misses!
 What do you want to wield? [- apsBW or ?*] a
 You are already wielding that!
 You hit the gnome.
 The gnome hits!
 You kill the gnome!
 You see here a gnome corpse.
 There is a gnome corpse here; eat it? [ynq] (n) y
 This gnome corpse is stringy.
 You finish eating the gnome corpse.
 What do you want to use or apply? [ilnqwxzBVXY or ?*] B
 You now wield a dwarvish mattock.
 In what direction do you want to dig? [hkujb>] k
 You continue digging.
 You hit the rock with all your might.
 You make an opening in the wall.
 What do you want to wield? [- apsBW or ?*] a
 a - a blessed +1 mace (weapon in right hand).
 Click!  You trigger a rolling boulder trap!
 Fortunately for you, no boulder was released.
 The rope golem hits!
 The rope golem hits again!
 The rope golem grabs you!
 You hit the rope golem!
 The rope golem hits!
 The rope golem misses!
 You are being choked.
 You miss the rope golem.
 You hit the rope golem!
 The rope golem hits!
 The rope golem misses!
 You are being choked.
 You miss the rope golem.
 The rope golem hits!
 The rope golem hits again!
 You are being choked.
 The rope golem misses!
 The rope golem hits!
 You are being choked.
 You die...
 Do you want your possessions identified? [ynq] (y) y
 Do you want to see your attributes? [ynq] (y) q

Inventory:
 Coins    ('$')
  $ - 1508 gold pieces
 Weapons  (')')
  W - 21 +0 darts
  p - 5 +0 daggers
  s - a +0 orcish dagger
  B - a +0 dwarvish mattock
  a - a blessed +1 mace (weapon in right hand)
 Armor    ('[')
  t - a +0 orcish helm (being worn)
  b - a blessed +2 robe (being worn)
  Q - a blessed fireproof +1 studded leather armor (being worn)
 Comestibles  ('%')
  e - a clove of garlic
  f - a sprig of wolfsbane
 Scrolls  ('?')
  j - 2 cursed scrolls of blank paper
 Spellbooks  ('+')
  w - a spellbook of create monster
  X - a spellbook of detect food
 Potions  ('!')
  G - a cursed potion of extra healing
  E - a blessed potion of healing
  P - 2 potions of healing
  F - 2 cursed potions of healing
  d - a potion of holy water
 Rings    ('=')
  k - a ring of free action
  o - a cursed ring of hunger
 Wands    ('/')
  x - a wand of cold (0:7)
  Y - a wand of light (0:10)
  l - a wand of polymorph (0:7)
 Tools    ('(')
  V - a lock pick
  i - a blessed magic marker (0:10)
  n - a partly used tallow candle
  q - a partly used tallow candle
 Gems/Stones  ('*')
  z - a luckstone

DaveT the Priest's attributes:

Background:
 You were an Adept, a level 6 human Priest.
 You were lawful, on a mission for Issek
 who was opposed by Mog (neutral) and Kos (chaotic).
 You were right-handed.
 You were in the Gnomish Mines, on level 6.
 You entered the dungeon 4247 turns ago.
 There was a new moon in effect when your adventure ended.
 You had 486 experience points, 154 more were needed to attain level 7.

Basics:
 You had 0 out of 47 hit points.
 You had all 86 energy points (spell power).
 Your armor class was 1.
 Your wallet contained 1508 zorkmids.
 Autopickup was off.

Final Characteristics:
 Your strength was 15 (limit:18/100).
 Your dexterity was 9 (limit:18).
 Your constitution was 14 (limit:18).
 Your intelligence was 12 (limit:18).
 Your wisdom was 18 (limit:18).
 Your charisma was 11 (limit:18).

Final Status:
 You were held by a rope golem (southeast).
 You weren't hungry.
 You were burdened; movement was slightly slowed.
 You were wielding a mace.
 You had basic skill with mace and could have enhanced that.

Final Attributes:
 You were piously aligned.
 You were poison resistant.
 You were guarded.
 Your spell casting was enhanced by wearing a robe.
 You were lucky.
 You had extra luck.
 Bad luck did not time out for you.
 Good luck did not time out for you.
 You are dead.

Miscellaneous:
 You didn't encounter any bones levels.
 Total elapsed playing time was 18 minutes and 5 seconds.

Major events:
 Turn
    1: DaveT the lawful human Priest entered the dungeon
  849: attained the rank of Acolyte (level 3)
 2599: entered the Gnomish Mines
 3596: attained the rank of Adept (level 6)
 4247: killed by a rope golem

Spells:
 Name                 Level Category     Fail Retention
 light                  1   clerical       0%   71%-80%
 remove curse           3   clerical       0%   71%-80%

Skills:
 Fighting Skills
   bare handed combat [Unskilled]
 Weapon Skills
   club               [Unskilled]
   mace               [Basic]
   morning star       [Unskilled]
   flail              [Unskilled]
   hammer             [Unskilled]
   quarterstaff       [Unskilled]
   polearms           [Unskilled]
   spear              [Unskilled]
   trident            [Unskilled]
   lance              [Unskilled]
   bow                [Unskilled]
   sling              [Unskilled]
   crossbow           [Unskilled]
   dart               [Unskilled]
   shuriken           [Unskilled]
   boomerang          [Unskilled]
   unicorn horn       [Unskilled]
 Spellcasting Skills
   healing spells     [Unskilled]
   divination spells  [Unskilled]
   clerical spells    [Basic]

Voluntary challenges:
 Character rerolling was not enabled.
 You never genocided any monsters.
 You never polymorphed an object.
 You never changed form.
 You used no wishes.
Achievements:
 You attained the rank of Acolyte.
 You entered a shop.
 You entered the Gnomish Mines.
 You attained the rank of Adept.

 The Dungeons of Doom: levels 1 to 4
    Level 1:
       An altar.
    Level 2: "empty vault"
       A fountain.
    Level 3:
       A general store, a fountain.
    Level 4:
       Stairs down to The Gnomish Mines.
 The Gnomish Mines: levels 5 to 6
    Level 5:
    Level 6: <- You were here.
       Final resting place for
          you, killed by a rope golem.


Vanquished creatures:
  a leprechaun
  a gnome ruler
  a rock mole
  a yellow light
  a shrieker
  3 gnome leaders
  a gnomish wizard
  a paper golem
  2 little dogs
  a floating eye
  2 kittens
  3 dwarves
  a homunculus
  a rothe
  2 rabid rats
  a giant bat
  a monkey
  2 dwarf zombies
 an iguana
  4 acid blobs
  a hobgoblin
  5 giant rats
  a green mold
 14 gnomes
  2 geckos
  7 jackals
  2 kobolds
  2 goblins
  3 sewer rats
  8 grid bugs
  2 lichens
  a kobold zombie
 12 newts
91 creatures vanquished.

No species were genocided or became extinct.

Game over:
                       ----------
                      /          \
                     /    REST    \
                    /      IN      \
                   /     PEACE      \
                  /                  \
                  |      DaveT       |
                  |     1508 Au      |
                  | killed by a rope |
                  |      golem       |
                  |                  |
                  |                  |
                  |       2026       |
                 *|     *  *  *      | *
        _________)/\\_//(\/(/\)/\//\/|_)_______

Goodbye DaveT the Priest...

You died in The Gnomish Mines on dungeon level 6 with 3652 points,
and 1508 pieces of gold, after 4247 moves.
You were level 6 with a maximum of 47 hit points when you died.

